AoeStats
← powerkek

MegaRandom

509158147Analyzed
4v4 RM · 6d ago on Sep 25, 2026· 40m 6s· 8 players
Game mode
Random Map
Map size
Large (8 player)
Population
200
Speed
Normal
Resources
Standard
Victory
Conquest
Starting age
Dark Age
Ending age
Imperial Age
RankedLock teamsTeams togetherTeam positionsShared explorationLock speedFull tech treeHidden civsTurbo modeCheats
Victory
Defeat
🇮🇱 Italians · Israel
1014
+16
🇮🇹 Ethiopians · Italy
992
+17
973
+18
🇷🇴 Byzantines · Romania
921
+20
🇺🇸 Mongols · United States
1030
-18
🇸🇰 Khmer · Slovakia
1024
-18
🇸🇰 Aztecs · Slovakia
1016
-18
🇨🇳 Franks · China
988
-17
ナンゴン ウェニア
10:31 Feudal Age
14:47 Castle Age
12:34 Double-Bit Axe
14:13 Horse Collar
14:22 Fishing Lines
16:09 Bow Saw
16:22 Town Watch
17:11 Gillnets
19:37 Wheelbarrow
20:03 Loom
25:51 Gold Mining
25:52 Stone Mining
26:24 Hand Cart
27:03 Heavy Plow
30:04 Stone Shaft Mining
32:20 Imperial Age
30:05 Forging
29:55 Scale Mail Armor
30:00 Scale Barding Armor
29:46 Fletching
29:56 Padded Archer Armor
31:22 Vendel Legacy
33:35 Iron Casting
33:15 Chain Mail Armor
36:42 Elite Jarl
39:14 Conscription
41:19 Blast Furnace
40:49 Plate Mail Armor
40:42 Chain Barding Armor
40:17 Bodkin Arrow
40:37 Leather Archer Armor
40:53 Plate Mail Armor
L.U.C.4
9:11 Loom
12:34 Feudal Age
14:32 Fletching
14:46 Double-Bit Axe
16:52 Scale Mail Armor
22:22 Castle Age
22:04 Horse Collar
27:46 Pikeman
29:21 Chain Mail Armor
29:19 Forging
30:24 Chain Mail Armor
31:42 Wheelbarrow
31:28 Crossbowman
34:29 Fervor
34:28 Stone Mining
34:37 Gold Mining
36:14 Thumb Ring
40:00 Imperial Age
37:48 Bodkin Arrow
38:53 Padded Archer Armor
38:16 Elite Skirmisher
39:25 Gambesons
39:40 Squires
39:26 Arson
Blazzer723
0:34 Loom
11:12 Feudal Age
12:28 Double-Bit Axe
12:33 Horse Collar
17:23 Castle Age
15:19 Fletching
15:30 Padded Archer Armor
16:42 Stone Mining
26:14 Heavy Plow
33:46 Imperial Age
32:39 Ballistics
32:19 Gold Mining
33:17 Leather Archer Armor
34:50 Wheelbarrow
35:28 Chemistry
36:21 Bodkin Arrow
36:57 Ring Archer Armor
39:28 Hand Cart
39:17 Bracer
39:55 Elite Genoese Crossbowman
_phlebas_
11:08 Feudal Age
10:50 Loom
10:53 Loom
17:53 Castle Age
16:05 Padded Archer Armor
16:41 Gold Mining
17:42 Fletching
18:48 Thumb Ring
18:03 Crossbowman
20:03 Leather Archer Armor
21:36 Double-Bit Axe
22:48 Bow Saw
23:09 Bodkin Arrow
23:57 Gold Shaft Mining
23:42 Crossbowman
23:58 Elite Skirmisher
25:32 Town Watch
26:54 Wheelbarrow
27:53 Scale Mail Armor
28:03 Forging
28:17 Ballistics
30:00 Hand Cart
29:45 Town Patrol
38:22 Imperial Age
36:27 Stone Mining
38:19 Town Patrol
38:28 Town Patrol
38:29 Arbalester
39:17 Bracer
39:47 Ring Archer Armor
40:27 Chemistry
39:37 Masonry
39:37 Fishing Lines
NoLawsClaws
7:45 Loom
12:17 Feudal Age
12:47 Double-Bit Axe
12:44 Horse Collar
12:56 Stone Mining
12:57 Gold Mining
19:16 Castle Age
25:31 Wheelbarrow
24:58 Heavy Plow
26:03 Bow Saw
26:36 Gold Shaft Mining
25:46 Fishing Lines
27:48 Forging
27:43 Scale Barding Armor
27:36 Fletching
28:01 Forging
27:52 Gillnets
32:50 Imperial Age
30:46 Bodkin Arrow
30:51 Padded Archer Armor
30:15 Elite Skirmisher
32:17 Thumb Ring
32:15 Padded Archer Armor
35:36 Iron Casting
35:21 Chain Barding Armor
36:10 Bloodlines
36:01 Husbandry
37:07 Conscription
36:18 Elite Steppe Lancer
40:31 Blast Furnace
39:53 Ballistics
39:44 Fortified Wall
Iraqi Fairy Queen
1:15 Loom
10:46 Feudal Age
14:49 Castle Age
14:15 Double-Bit Axe
15:42 Horse Collar
20:45 Wheelbarrow
26:40 Heavy Plow
30:56 Imperial Age
28:44 Pikeman
32:26 Halberdier
39:59 Conscription
39:42 Tusk Swords
40:09 Husbandry
40:20 Bloodlines
powerkek
4:14 Loom
12:12 Feudal Age
12:51 Fishing Lines
13:03 Double-Bit Axe
13:32 Man-at-Arms
15:03 Wheelbarrow
16:43 Scale Mail Armor
17:10 Horse Collar
19:33 Castle Age
17:51 Scale Mail Armor
18:54 Padded Archer Armor
20:02 Gold Mining
20:32 Hand Cart
20:45 Bow Saw
22:17 Stone Mining
23:10 Gold Shaft Mining
22:36 Gillnets
25:36 Fletching
25:16 Long Swordsman
26:16 Heavy Plow
27:03 Squires
27:22 Forging
28:21 Sanctity
28:14 Fervor
28:11 Town Watch
28:56 Chain Mail Armor
30:22 Elite Skirmisher
31:27 Bodkin Arrow
37:24 Stone Shaft Mining
42:20 Imperial Age
40:30 Iron Casting
9630791
9:48 Loom
11:43 Feudal Age
15:14 Forging
19:51 Castle Age
18:29 Scale Barding Armor
18:21 Double-Bit Axe
18:58 Gold Mining
22:58 Gold Shaft Mining
22:14 Stone Mining
22:46 Bow Saw
26:50 Wheelbarrow
27:04 Chain Barding Armor
28:02 Hand Cart
29:44 Fletching
30:38 Iron Casting
36:16 Imperial Age
36:23 Cavalier
37:04 Husbandry
38:06 Plate Barding Armor
36:59 Light Cavalry
39:36 Blast Furnace
40:19 Chemistry
39:40 Ballistics
Connection lost

Rejoining the realm…

Still unreachable

The connection could not be restored.

Session expired

The server has moved on; the page needs a fresh start.